 Dungeon Crawl Stone Soup version 0.28-a0-1002-gf00fe891ef (webtiles) character file.

Game seed: 17942346299551222309

28 ragingrage the Sneak (level 3, 0/16 HPs)
             Began as a Vine Stalker Enchanter on Dec 6, 2021.
             Slain by Sigmund (2 damage)
             ... on level 2 of the Dungeon on Dec 7, 2021.
             The game lasted 00:01:38 (1612 turns).

ragingrage the Sneak (Vine Stalker Enchanter)       Turns: 1612, Time: 00:01:39

Health: 0/16       AC:  2    Str: 10    XL:     3   Next: 14%
Magic:  0/7        EV: 12    Int: 15    God:
Gold:   11         SH:  0    Dex: 16    Spells: 4/6 levels left

rFire   . . .      SeeInvis .   a - +1 dagger
rCold   . . .      Faith    .   (no shield)
rNeg    . . .      Spirit   +   b - +0 robe
rPois   .          Reflect  .   (no helmet)
rElec   .          Harm     .   (no cloak)
rCorr   .          Rampage  .   (no gloves)
Will    .....                   (no boots)
Stlth   +++.......              (no amulet)
HPRegen 0.05/turn               (no ring)
MPRegen 0.10/turn               (no ring)

@: no status effects
A: fangs 2, magic shield, antimagic bite, no potion heal 2
a: no special abilities


You were on level 2 of the Dungeon.
You visited 1 branch of the dungeon, and saw 2 of its levels.

You collected 11 gold pieces.

Inventory:

Hand Weapons
 a - a +1 dagger (weapon)
Armour
 b - a +0 robe (worn)
 e - a +0 cloak
Scrolls
 h - a scroll of amnesia {unknown}
Potions
 c - a potion of invisibility
 d - a potion of curing {unknown}
 f - a potion of flight {unknown}
 g - a potion of degeneration {unknown}
 i - a potion of attraction {unknown}
 j - a potion of ambrosia {unknown}


   Skills:
 + Level 1.9 Short Blades
 - Level 1.5 Dodging
 + Level 4.5 Stealth
 - Level 2.2 Spellcasting
 - Level 3.0 Hexes


You had 4 spell levels left.
You knew the following spells:

 Your Spells              Type           Power      Damage    Failure   Level
a - Ensorcelled Hibernat  Hex/Ice        12%        N/A       19%         2

Your spell library contained the following spells:

 Spells                   Type           Power      Damage    Failure   Level
 Confusing Touch          Hex            10%        N/A       19%         3
 Tukima's Dance           Hex            10%        N/A       19%         3
 Dazzling Flash           Conj/Hex       12%        N/A       34%         3


Dungeon Overview and Level Annotations

Branches:
Dungeon (2/15)

Altars:

Annotations:
D:2 Sigmund


Innate Abilities, Weirdness & Mutations

You have extremely sharp teeth.
When hurt, damage is shared between your health and your magic reserves.
Your bite disrupts and absorbs the magic of your enemies.
Potions cannot restore your health.


Message History

(D) Dungeon
Where to? (? - help)
There is an open door here.
There is a stone staircase leading down here.
You climb downwards.
There is a stone staircase leading up here.
A rat comes into view.
A rat is nearby!
A rat is nearby!
Sigmund the Dreaded comes into view.
He is wielding a +0 scythe.
You barely miss the rat. Your bite misses the rat. The rat barely misses you.
You hit the rat.
You kill the rat!
Sigmund closely misses you.
You closely miss Sigmund. Sigmund hits you with a +0 scythe!
You are too injured to fight recklessly!
You are too injured to fight recklessly!
You are too injured to fight recklessly!
You are too injured to fight recklessly!
Sigmund is nearby!
Casting: Ensorcelled Hibernation (safe; 19% risk of failure)
Confirm with . or Enter, or press ? or * to list all spells.
Aiming: Ensorcelled Hibernation (safe; 19% risk of failure)
Press: ? - help, Shift-Dir - straight line, f - Sigmund
Aim: Sigmund, wielding a +0 scythe and wearing a +0 robe (chance to affect: 47%) Sigmund looks drowsy...
Casting: Ensorcelled Hibernation (safe; 19% risk of failure)
Confirm with . or Enter, or press ? or * to list all spells.
You don't have enough magic to cast this spell.
Unknown command.
The helpless Sigmund fails to defend himself.
You impale Sigmund!! You bite Sigmund.
Sigmund's magic leaks into the air.
You drain his magic.
You feel invigorated.
Sigmund is severely wounded.
Sigmund hits you with a +0 scythe!
* * * LOW HITPOINT WARNING * * *
You hit Sigmund.
Sigmund is almost dead.
Sigmund hits you with a +0 scythe.
You die...

#############
##.....#.....##
##.............##.
#.................
#.................
#.........@@......
#.................
#.................
#.................
##.<..............
##.....#......##.
#######.##.#...
#.. .###. ..


You could see Sigmund.

Vanquished Creatures
  A dart slug (D:1)
  2 ball pythons (D:1)
  A bat (D:1)
  2 endoplasms (D:1)
  4 goblins (D:1)
  3 hobgoblins (D:1)
  3 jackals (D:1)
  A kobold (D:1)
  A quokka (D:1)
  2 frilled lizards (D:1)
  2 rats
22 creatures vanquished.

Notes
Turn   | Place    | Note
-------+----------+-------------------------------------------
     0 | D:1      | ragingrage the Vine Stalker Enchanter began the quest for
                  | the Orb.
     0 | D:1      | Reached XP level 1. HP: 9/9 MP: 4/4
   121 | D:1      | Reached skill level 1 in Short Blades
   624 | D:1      | Reached skill level 4 in Stealth
   624 | D:1      | Reached XP level 2. HP: 13/13 MP: 6/6
   970 | D:1      | Upgraded the game from 0.28-a0-998-gb9e9c7b67e to
                  | 0.28-a0-1002-gf00fe891ef
  1093 | D:1      | Found a faded altar of an unknown god.
  1340 | D:1      | Reached XP level 3. HP: 15/16 MP: 7/7
  1349 | D:1      | Learned a level 2 spell: Ensorcelled Hibernation
  1603 | D:2      | Noticed Sigmund
  1612 | D:2      | Slain by Sigmund

Illustrated notes

Levels and vault maps discovered:
D:1:      dpeg_arrival_tiny_f, layout_basic, nicolae_ecumenical_snake_handling,
          columned_hall_lemuel
D:2:      layout_rooms, grunt_ministairs_8, kennysheep_generic_room_10,
          uniq_sigmund, uniq_robin

Skill      XL: |  1 |
---------------+----+-----
Short Blades   | 1 |  1.9
Stealth        | 4 |  4.5
Dodging        | |  1.5
Spellcasting   | |  2.2
Hexes          | |  3.0

Action                   || total
-------------------------++-------
Melee: Dagger            ||    91
       Bite              ||    15
 Cast: Ensorcelled Hiber ||     1
 Stab: Sleeping          ||     6
Armor: Robe              ||    13
Dodge: Dodged            ||    57

Table legend: (Time is in decaauts)
 A = Elapsed time spent in this place.
 B = Non-inter-level travel time spent in this place.
 C = Inter-level travel time spent in this place.
 D = Time resting spent in this place.
 E = Time spent auto-exploring this place.
 F = Levels seen in this place.
 G = Mean time per level.
                   A        B        C        D        E       F      G
               +--------+--------+--------+--------+--------+-----+--------+
         Total |   1605 |   1550 |     55 |     58 |   1304 |   2 |  802.5 |
       Dungeon |   1605 |   1550 |     55 |     58 |   1304 |   2 |  802.5 |
               +--------+--------+--------+--------+--------+-----+--------+

Top non-repeatable levels by time:
     D:1: 1591 daAuts
     D:2: 14 daAuts
